Map: Prion Terraces

Players

FLORENCIO - Winner!

  • Race: Protoss Protoss
  • League: Diamond

GojiRo

  • Race: Zerg Zerg
  • League: Diamond

VOD

Have the link to the VOD?

Description

Time

  • Played on: Jan. 14, 2016, 12:03 a.m.
  • Length: 19:29
Show
View Real Time Build Order
Export as new Build Order

FLORENCIO Protoss - Winner!

Build Orders:  

Get SALT Encoding   

  12  0:04  Probe (Chrono Boost)  
  13  0:15  Probe (Chrono Boost)  
  14  0:25  Probe (Chrono Boost)  
  15  0:30  Pylon  
  15  0:48  Probe (Chrono Boost)  
  16  0:59  Probe (Chrono Boost)  
  16  1:03  Pylon  
  17  1:09  Probe (Chrono Boost)  
  18  1:21  Gateway  
  18  1:23  Gateway  
  18  1:24  Gateway  
  18  1:26  Gateway  
  18  1:40  Forge  
  18  1:43  Pylon  
  18  2:13  Zealot (Chrono Boost)  
  18  2:14  Zealot x2 (Chrono Boost)  
  18  2:15  Zealot (Chrono Boost)  
  26  2:32  Photon Cannon  
  26  2:37  Zealot (Chrono Boost)  
  26  2:42  Zealot x2 (Chrono Boost)  
  32  2:53  Pylon  
  32  3:10  Zealot x3 (Chrono Boost)  
  32  3:12  Zealot (Chrono Boost)  
  38  3:37  Zealot x3 (Chrono Boost)  
  38  3:39  Zealot (Chrono Boost)  
  44  4:03  Zealot (Chrono Boost)  
  44  4:04  Zealot x3 (Chrono Boost)  
  33  4:31  Zealot x3 (Chrono Boost)  
  37  4:45  Zealot (Chrono Boost)  
  37  4:58  Zealot x3 (Chrono Boost)  
  43  5:08  Zealot (Chrono Boost)  
  45  5:25  Zealot (Chrono Boost)  
  45  5:27  Zealot x2 (Chrono Boost)  
  43  5:32  Zealot (Chrono Boost)  
  43  5:52  Zealot (Chrono Boost)  
  39  6:04  Zealot (Chrono Boost)  
  39  6:08  Zealot x2 (Chrono Boost)  
  39  6:17  Probe  
  42  6:19  Zealot (Chrono Boost)  
  42  6:28  Zealot (Chrono Boost)  
  42  6:30  Probe  
  47  6:35  Zealot (Chrono Boost)  
  45  6:40  Zealot (Chrono Boost)  
  45  6:46  Zealot (Chrono Boost)  
  47  6:51  Zealot (Chrono Boost)  
  43  7:02  Zealot (Chrono Boost)  
  43  7:08  Zealot (Chrono Boost)  
  39  7:14  Zealot (Chrono Boost)  
  39  7:15  Zealot (Chrono Boost)  
  41  7:29  Zealot (Chrono Boost)  
  43  7:35  Zealot (Chrono Boost)  
  45  7:41  Zealot (Chrono Boost)  
  47  7:57  Zealot (Chrono Boost)  
  47  8:12  Zealot (Chrono Boost)  
  47  8:14  Zealot (Chrono Boost)  
  47  8:15  Zealot (Chrono Boost)  
  41  8:20  Zealot (Chrono Boost)  
  43  8:40  Zealot (Chrono Boost)  
  43  8:41  Zealot (Chrono Boost)  
  47  8:47  Zealot (Chrono Boost)  
  39  9:05  Nexus  
  39  9:07  Zealot (Chrono Boost)  
  39  9:16  Zealot (Chrono Boost)  
  33  9:44  Zealot x3 (Chrono Boost)  
  27  10:11  Zealot x2 (Chrono Boost)  
  27  10:13  Zealot (Chrono Boost)  
  33  10:20  Zealot (Chrono Boost)  
  35  10:27  Probe  
  38  10:45  Zealot (Chrono Boost)  
  32  11:04  Zealot (Chrono Boost)  
  32  11:05  Zealot x2 (Chrono Boost)  
  32  11:09  Zealot (Chrono Boost)  
  30  11:30  Photon Cannon  
  30  11:32  Zealot (Chrono Boost)  
  34  11:33  Zealot (Chrono Boost)  
  34  11:34  Assimilator  
  34  11:38  Assimilator  
  34  11:42  Zealot (Chrono Boost)  
  34  11:45  Zealot (Chrono Boost)  
  38  11:50  Probe  
  38  11:51  Probe  
  38  11:53  Assimilator  
  38  12:01  Probe  
  38  12:03  Probe  
  40  12:10  Gateway  
  40  12:13  Pylon  
  40  12:16  Photon Cannon  
  36  12:32  Photon Cannon  
  28  12:45  Zealot (Chrono Boost)  
  28  12:49  Zealot x2 (Chrono Boost)  
  28  12:51  Probe  
  35  13:01  Probe  
  36  13:13  Cybernetics Core  
  36  13:18  Zealot (Chrono Boost)  
  38  13:22  Zealot (Chrono Boost)  
  38  13:26  Zealot (Chrono Boost)  
  41  13:27  Probe  
  41  13:44  Pylon  
  41  13:45  Assimilator  
  27  14:39  Stargate  
  27  14:41  Stargate x2  
  27  14:44  Photon Cannon  
  27  14:45  Photon Cannon  
  27  14:48  Pylon  
  27  14:56  Photon Cannon  
  27  14:57  Pylon  
  27  14:58  Mothership Core  
  29  15:28  Void Ray (Chrono Boost)  
  37  15:29  Void Ray (Chrono Boost)  
  37  15:43  Void Ray (Chrono Boost)  
  41  15:51  Probe  
  46  16:14  Void Ray (Chrono Boost)  
  46  16:32  Void Ray (Chrono Boost)  
  54  16:40  Void Ray (Chrono Boost)  
  54  17:00  Photon Cannon  
  58  17:24  Void Ray (Chrono Boost)  
  61  18:50  Void Ray x2 (Chrono Boost)  
Show
View Real Time Build Order
Export as new Build Order

GojiRo Zerg 

Build Orders: Hatch First 

Get SALT Encoding   

  12  0:00  Drone  
  13  0:12  Overlord  
  13  0:18  Drone  
  14  0:31  Drone x2  
  14  0:34  Drone  
  17  0:52  Hatchery  
  17  0:54  Drone  
  17  0:58  Drone  
  17  1:02  Extractor  
  17  1:15  Spawning Pool  
  17  1:17  Drone  
  17  1:20  Drone  
  18  1:28  Drone  
  19  1:38  Overlord  
  19  1:49  Drone  
  20  2:00  Drone  
  21  2:02  Queen  
  21  2:05  Queen  
  21  2:07  Zergling x2  
  26  2:14  Zergling x2  
  27  2:23  Spine Crawler  
  27  2:25  Zergling x4  
  28  2:33  Roach Warren  
  28  2:37  Zergling x2  
  28  2:45  Zergling x6  
  30  2:56  Zergling x4  
  31  3:01  Spine Crawler  
  30  3:07  Zergling x4  
  31  3:13  Roach x2  
  31  3:18  Roach  
  31  3:19  Overlord  
  35  3:22  Roach  
  35  3:27  Roach  
  35  3:42  Roach  
  35  3:43  Roach x3  
  42  4:01  Roach  
  35  4:12  Roach  
  28  4:45  Drone x9  
  37  4:57  Roach  
  39  5:11  Roach  
  39  5:12  Zergling x6  
  39  5:13  Zergling x2  
  43  5:26  Zergling x8  
  40  5:36  Roach  
  40  5:44  Spine Crawler  
  33  5:51  Roach  
  33  5:54  Zergling x8  
  33  5:55  Zergling x2  
  34  6:01  Zergling x2  
  28  6:10  Drone  
  25  6:27  Drone x6  
  31  6:38  Drone x2  
  26  7:02  Zergling x10  
  29  7:21  Queen  
  29  7:31  Zergling x10  
  29  7:36  Zergling x4  
  33  7:56  Spine Crawler  
  27  7:58  Zergling x2  
  27  7:59  Zergling x10  
  29  8:08  Roach, Zergling x2  
  32  8:16  Zergling x4  
  34  8:25  Zergling x4  
  31  8:39  Zergling x4  
  32  8:50  Zergling x4  
  30  8:56  Drone  
  31  9:02  Spine Crawler  
  31  9:08  Spine Crawler, Zergling x10  
  34  9:16  Zergling x4  
  36  9:28  Roach Warren  
  36  9:30  Zergling x2  
  31  9:37  Zergling x4  
  32  9:40  Zergling x2  
  31  9:50  Zergling x4  
  31  10:00  Zergling x4  
  30  10:12  Zergling x4  
  32  10:16  Spine Crawler, Drone  
  32  10:23  Roach  
  32  10:24  Roach  
  36  10:33  Drone x3  
  39  10:39  Zergling x2  
  38  10:50  Zergling x4  
  38  10:51  Zergling x2  
  28  11:15  Zergling x2  
  28  11:16  Zergling x14  
  36  11:23  Drone  
  35  11:54  Drone x5  
  35  12:00  Hatchery  
  38  12:06  Drone x3  
  37  12:18  Zergling x8  
  35  12:30  Zergling x4  
  35  12:31  Zergling x2  
  37  12:38  Drone x2  
  36  12:46  Drone x3  
  36  12:48  Drone  
  40  12:51  Drone  
  37  13:07  Drone x5  
  41  13:16  Drone x4  
  41  13:17  Drone  
  46  13:20  Drone x2  
  48  13:30  Drone x2  
  50  13:41  Spine Crawler  
  49  13:43  Overlord x3  
  49  13:47  Drone  
  50  14:02  Roach x4  
  60  14:03  Roach x6  
  60  14:08  Extractor  
  68  14:10  Extractor  
  68  14:12  Roach  
  68  14:13  Roach x2  
  71  14:26  Roach  
  72  14:34  Drone x3  
  72  14:37  Spore Crawler  
  73  14:38  Extractor  
  73  14:39  Spore Crawler, Drone x2  
  73  14:40  Drone  
  74  14:56  Overlord x5, Queen  
  74  15:03  Overlord x2  
  74  15:11  Overlord x2  
  73  15:27  Lair  
  73  15:36  Spore Crawler  
  73  15:42  Hatchery  
  71  15:57  Extractor, Drone x3  
  71  15:58  Overlord x2, Extractor, Drone x5  
  77  16:06  Ravager x8  
  77  16:11  Drone x5  
  90  16:31  Hydralisk Den  
  89  16:46  Overlord x3  
  89  16:47  Drone x10  
  89  16:48  Drone  
  89  16:49  Drone  
  101  17:05  Hydralisk x4  
  109  17:25  Hydralisk  
  109  17:26  Hydralisk  
  106  17:34  Spore Crawler, Hydralisk  
  105  17:40  Roach  
  103  17:50  Hydralisk  
  103  17:56  Hydralisk  
  103  18:08  Hydralisk  
  99  18:26  Roach x2  
  95  18:42  Hydralisk  
  89  18:56  Hydralisk  
Tags
 
Add a new tag
Caveats
  • Supply blocks, unpowered buildings, or Contaminate may cause inaccurate times.
  • Supply counts are checked every 10 seconds.